Map: Catalyst LE

Players

TIME (Oliveira)

  • Race: Terran Terran
  • Spawn Location: 11:00

Scarlett - Winner!

  • Race: Zerg Zerg
  • Spawn Location: 5:00

Event: 2018 Hangzhou StarCraft Carnival

VOD

Have the link to the VOD?

Description

Time

  • Played on: April 29, 2018, 2:53 a.m.
  • Length: 12:07

All games in this series

Show
View Real Time Build Order
Export as new Build Order

TIME Terran 

Build Orders: Liberator Opening, Reaper Expand, Bio Tank 

Get SALT Encoding   

  12  0:00  SCV  
  13  0:12  SCV  
  14  0:17  Supply Depot  
  14  0:24  SCV  
  15  0:39  SCV  
  15  0:40  Barracks  
  16  0:43  Refinery  
  16  0:51  SCV  
  17  1:03  SCV  
  18  1:15  SCV  
  19  1:28  Reaper, Orbital Command  
  20  1:40  Command Center  
  20  1:51  Supply Depot  
  20  1:53  SCV  
  21  2:00  Marine  
  22  2:05  SCV  
  23  2:09  Factory  
  23  2:17  SCV  
  23  2:20  Refinery  
  23  2:22  Barracks Reactor  
  25  2:30  SCV  
  25  2:42  SCV  
  26  2:52  Orbital Command  
  26  2:54  SCV  
  26  2:55  Starport  
  27  3:04  Hellion  
  31  3:05  Hellion  
  31  3:06  SCV  
  31  3:08  Barracks Tech Lab  
  32  3:18  SCV x2  
  34  3:25  Hellion  
  38  3:27  Hellion  
  38  3:28  Supply Depot  
  38  3:30  SCV  
  38  3:32  Viking  
  41  3:34  SCV  
  42  3:42  SCV  
  42  3:45  Liberator  
  42  3:46  SCV  
  42  3:47  Hellion  
  46  3:50  Hellion  
  46  3:52  Supply Depot  
  48  3:59  SCV x2  
  53  4:11  SCV  
  53  4:14  SCV, Cyclone  
  53  4:15  Supply Depot  
  53  4:16  Cyclone  
  61  4:23  SCV  
  62  4:36  SCV x2  
  62  4:37  Command Center, Stimpack  
  64  4:41  Supply Depot  
  64  4:48  SCV  
  64  4:52  Liberator, Barracks  
  65  4:53  Starport Reactor  
  65  4:54  SCV  
  65  4:56  Barracks  
  65  4:57  Marine  
  65  4:59  Factory Tech Lab  
  67  5:00  SCV  
  67  5:05  Engineering Bay x2  
  67  5:06  SCV  
  72  5:20  SCV  
  70  5:28  SCV  
  70  5:39  Siege Tank  
  70  5:40  Marine x3  
  76  5:43  SCV  
  77  5:51  Supply Depot  
  77  5:52  Marine, Supply Depot  
  77  5:53  Supply Depot  
  77  5:54  Starport Reactor  
  78  6:01  Refinery  
  78  6:03  Refinery  
  78  6:04  Supply Depot  
  78  6:26  Marine x3, SCV x2, Siege Tank, Terran Infantry Weapons Level 1  
  78  6:28  Supply Depot  
  81  6:38  SCV x2  
  82  6:40  Barracks x2  
  82  6:43  Marine x3, Starport Reactor  
  82  6:44  Combat Shields  
  85  6:48  Supply Depot  
  85  6:50  Marine, Supply Depot  
  85  6:52  Marine  
  85  6:54  SCV  
  88  6:56  SCV  
  88  7:00  Siege Tank  
  92  7:05  Marine  
  92  7:07  Supply Depot  
  93  7:10  Marine  
  93  7:11  Marine x2  
  93  7:12  Marine  
  97  7:21  Medivac x2  
  101  7:23  Marine  
  101  7:25  Supply Depot  
  101  7:27  Marine  
  101  7:29  Barracks Tech Lab x2, Marine  
  104  7:33  Marine, Supply Depot  
  103  7:37  Marauder  
  103  7:41  Siege Tank  
  108  7:44  Marine  
  108  7:47  Marine x2  
  108  7:49  Marauder  
  113  7:51  Marine x2  
  113  7:56  Supply Depot  
  113  7:57  Medivac  
  117  8:00  Medivac  
  117  8:01  Marine  
  117  8:03  Marine  
  117  8:05  Marine  
  122  8:07  Marine  
  122  8:09  Marine  
  124  8:13  Siege Tank  
  124  8:14  Marine  
  124  8:15  Marauder  
  130  8:23  Marine  
  130  8:25  Marine x2, Marauder  
  130  8:37  Marine x2  
  130  8:38  Marauder  
  123  8:43  Marine x2  
  123  8:44  Marine  
  123  8:46  Siege Tank  
  123  8:47  Marauder  
  131  8:49  Supply Depot  
  131  8:52  Medivac  
  131  8:55  Marine  
  134  8:56  Marauder  
  134  8:59  Marauder  
  133  9:06  Marine  
  133  9:07  Marine x2  
  133  9:08  Marauder  
  137  9:10  Medivac  
  137  9:15  Marine  
  124  9:19  Siege Tank  
  124  9:20  Liberator  
  124  9:21  Marine  
  124  9:22  Marauder  
  118  9:24  Marine  
  104  9:35  Marine x2  
  104  9:36  Marine, Marauder  
  97  9:38  Liberator  
  97  9:42  Marine x2  
  97  9:43  Marauder  
  96  9:46  Terran Infantry Armor Level 1  
  96  9:51  Siege Tank  
  99  9:53  Marine  
  99  9:56  Marine x2  
  99  9:59  Marauder  
  107  10:00  Marine  
  107  10:01  Marine  
  107  10:04  Marine  
  107  10:06  Liberator  
  110  10:11  Marine  
  111  10:14  Marine x2  
  111  10:18  Marine, Marauder  
  111  10:19  Marine  
  115  10:22  Marine  
  119  10:29  Marine, Liberator  
  119  10:34  Marine  
  121  10:38  Marauder  
  121  10:39  Marine x2  
  121  10:40  Marine, Marauder  
  123  10:43  Siege Tank  
  129  10:51  SCV  
  129  10:52  Marine x2  
  132  10:57  Marine x2  
  132  10:58  Marauder  
  132  10:59  Marauder  
  132  11:03  Marine  
  139  11:10  Marine x2  
  141  11:18  Marine x2  
  141  11:19  Marauder  
  141  11:21  Marauder  
  133  11:39  Marine, Marauder  
  102  11:42  Marine x2  
  102  11:43  Marauder  
  102  11:46  Marine  
  111  11:47  Marine  
Show
View Real Time Build Order
Export as new Build Order

Scarlett Zerg - Winner!

Build Orders: Hatch First, Roach Nydus 

Get SALT Encoding   

  12  0:01  Drone  
  13  0:12  Overlord  
  13  0:18  Drone  
  14  0:31  Drone x2  
  16  0:49  Hatchery  
  15  0:52  Drone  
  15  0:56  Drone  
  17  0:59  Drone  
  18  1:09  Extractor  
  17  1:15  Spawning Pool  
  17  1:18  Drone  
  17  1:21  Drone  
  18  1:29  Drone  
  19  1:39  Drone  
  20  1:49  Overlord  
  20  2:01  Queen  
  20  2:02  Zergling x2, Queen  
  20  2:05  Zergling x2  
  26  2:10  Metabolic Boost  
  26  2:11  Drone  
  26  2:13  Drone  
  28  2:23  Drone  
  28  2:24  Drone  
  30  2:37  Queen  
  30  2:40  Drone  
  33  2:46  Overlord  
  33  2:47  Drone  
  33  2:51  Drone  
  35  2:55  Drone  
  36  2:59  Overlord  
  36  3:04  Drone  
  37  3:05  Drone  
  37  3:11  Drone  
  37  3:12  Drone x2  
  41  3:13  Queen  
  43  3:22  Lair  
  43  3:30  Hatchery  
  43  3:31  Drone  
  43  3:33  Drone, Extractor  
  43  3:35  Drone  
  43  3:39  Drone x2  
  46  3:44  Overlord  
  46  3:45  Drone x2  
  48  3:49  Drone  
  48  3:52  Drone  
  48  3:53  Drone  
  51  4:00  Queen, Extractor  
  51  4:01  Overlord  
  52  4:05  Zergling x4  
  54  4:11  Roach Warren  
  54  4:14  Overlord  
  53  4:19  Overlord  
  53  4:21  Drone x2  
  55  4:26  Nydus Network  
  55  4:27  Drone  
  55  4:32  Queen  
  55  4:37  Zergling x4  
  59  4:40  Queen  
  61  4:47  Overlord  
  61  4:51  Roach x3  
  67  4:53  Roach  
  67  4:56  Roach  
  71  5:06  Nydus Canal  
  71  5:10  Roach x4  
  71  5:13  Roach  
  81  5:21  Nydus Canal  
  77  5:29  Drone x5  
  78  5:35  Queen  
  78  5:36  Drone  
  78  5:37  Drone x3  
  78  5:40  Overlord  
  78  5:42  Overlord  
  82  5:48  Evolution Chamber  
  81  5:51  Drone  
  81  5:53  Evolution Chamber  
  81  6:00  Drone x7  
  88  6:08  Ravager  
  89  6:11  Ravager x2  
  89  6:12  Ravager x2  
  89  6:14  Drone  
  89  6:15  Drone x3  
  97  6:19  Drone  
  97  6:21  Overlord x2  
  97  6:23  Spore Crawler  
  97  6:30  Ravager  
  95  6:36  Drone  
  95  6:37  Zerg Ground Armor Level 1, Drone x2  
  95  6:38  Queen  
  95  6:39  Extractor, Overlord x2  
  99  6:44  Infestation Pit, Drone  
  99  6:45  Drone  
  100  6:47  Extractor  
  100  6:49  Extractor  
  100  6:50  Drone x3  
  101  6:54  Drone  
  101  6:55  Drone  
  101  6:57  Zerg Missile Weapons Level 1  
  101  6:58  Drone  
  104  7:03  Drone x2  
  106  7:10  Overlord x2  
  106  7:11  Drone x2  
  108  7:17  Roach  
  108  7:19  Hydralisk Den  
  108  7:20  Roach x3  
  115  7:26  Hive  
  115  7:28  Roach  
  117  7:32  Hatchery  
  117  7:34  Overlord  
  116  7:45  Drone  
  116  7:46  Drone x8  
  116  7:50  Muscular Augments, Hydralisk x3  
  131  8:00  Overlord x2  
  131  8:02  Glial Reconstitution, Hydralisk, Extractor  
  131  8:03  Hydralisk x2  
  136  8:06  Extractor  
  136  8:10  Roach x4  
  143  8:19  Ravager x3  
  146  8:22  Drone  
  146  8:24  Roach x5  
  128  8:41  Roach  
  128  8:42  Roach x8  
  148  8:48  Roach x2  
  148  8:55  Roach x2  
  154  8:58  Roach x2  
  154  9:01  Grooved Spines  
  156  9:04  Roach  
  156  9:05  Roach x2  
  155  9:15  Roach x5  
  141  9:17  Roach  
  141  9:21  Queen x3  
  141  9:23  Roach  
  120  9:32  Roach  
  120  9:33  Roach x5  
  120  9:48  Zerg Ground Armor Level 2  
  120  9:50  Roach  
  120  9:51  Ravager x2  
  124  9:56  Queen  
  124  9:57  Roach x4  
  134  10:00  Hatchery  
  133  10:10  Roach  
  133  10:11  Roach x3  
  141  10:14  Queen  
  143  10:24  Overlord x2  
  143  10:25  Extractor  
  143  10:27  Extractor  
  141  10:30  Roach x5  
  149  10:37  Hydralisk x3  
  151  10:48  Drone x4  
  151  10:49  Drone x5  
  160  10:53  Ravager x5  
  165  10:59  Hydralisk x2  
  169  11:05  Roach x3  
  169  11:08  Roach  
  169  11:11  Overlord  
  177  11:12  Ravager  
  178  11:23  Hydralisk x3  
  184  11:29  Roach x6  
  188  11:36  Roach  
  188  11:37  Roach x5  
  176  11:44  Roach x4  
  180  11:48  Roach  
Tags
 
Add a new tag
Caveats
  • Supply blocks, unpowered buildings, or Contaminate may cause inaccurate times.
  • Supply counts are checked every 10 seconds.